 Dungeon Crawl Stone Soup version 0.24.0-123-gd5b16e6ec5 (webtiles) character file.

Game seed: 2030466825294393641, levelgen mode: deterministic

6136 Delamore the Severer (level 10, -1/77 HPs)
             Began as a Hill Orc Fighter on Dec 28, 2019.
             Was a High Priest of Okawaru.
             Slain by Snorg (15 damage)
             ... on level 1 of the Orcish Mines.
             The game lasted 00:16:53 (7575 turns).

Delamore the Severer (Hill Orc Fighter)             Turns: 7575, Time: 00:16:53

Health: -1/77      AC: 19    Str: 23    XL:     10   Next: 89%
Magic:  10/10      EV:  8    Int:  8    God:    Okawaru [*****.]
Gold:   446        SH:  9    Dex: 10    Spells: 9/9 levels left

rFire    . . .     SeeInvis .   M - +5 war axe of Tuesob {freeze, rC+ rN+}
rCold    + . .     Gourm    .   c - +0 shield
rNeg     + . .     Faith    .   L - +3 ring mail {rPois}
rPois    +         Spirit   .   i - +0 helmet
rElec    .         Reflect  .   x - scarf {repulsion}
rCorr    .         Harm     .   (no gloves)
MR       .....                  l - +2 pair of boots {Stlth+}
Stlth    +.........             I - amulet of regeneration
HPRegen  0.62/turn              H - ring of poison resistance
MPRegen  0.12/turn              a - +6 ring of protection

@: repel missiles
A: no striking features
a: Heroism, Finesse, Renounce Religion


You were on level 1 of the Orcish Mines.
You worshipped Okawaru.
Okawaru was extremely pleased with you.
You were not hungry.

You visited 2 branches of the dungeon, and saw 10 of its levels.

You collected 459 gold pieces.
You spent 13 gold pieces at shops.

Inventory:

Hand Weapons
 M - the +5 war axe of Tuesob (weapon) {freeze, rC+ rN+}
   (You found it on level 8 of the Dungeon)

   It has been specially enchanted to freeze those struck by it, causing extra
   injury to most foes and up to half again as much damage against particularly
   susceptible opponents.
   It can also slow down cold-blooded creatures.
   It protects you from cold.
   It protects you from negative energy.
Missiles
 b - 3 silver javelins
 B - 5 javelins (quivered)
Armour
 c - a +0 shield (worn)
 i - a +0 helmet (worn)
 l - a +2 pair of boots of stealth (worn)
 x - a scarf of repulsion (worn)
 L - a +3 ring mail of poison resistance (worn)
Jewellery
 a - a +6 ring of protection (right hand)
 t - an uncursed ring of protection from cold
 H - a ring of poison resistance (left hand)
 I - an amulet of regeneration (around neck)
Wands
 E - a wand of polymorph (9)
Scrolls
 h - 2 scrolls of immolation
 j - 13 scrolls of teleportation
 k - 2 scrolls of fear
 o - 2 scrolls of magic mapping
 p - 2 scrolls of enchant weapon
 r - a scroll of blinking
 s - 4 scrolls of enchant armour
 v - 2 scrolls of amnesia
 y - 2 scrolls of fog
 D - a scroll of random uselessness
 F - 4 scrolls of remove curse
 G - a scroll of summoning
Potions
 d - 2 potions of might
 e - 2 potions of agility
 g - 4 potions of flight
 m - 2 potions of resistance
 n - a potion of ambrosia
 u - 6 potions of curing
 w - 3 potions of heal wounds
 z - 2 potions of mutation
 A - 2 potions of degeneration
 C - 2 potions of brilliance {unknown}
 J - a potion of cancellation {unknown}
 K - a potion of lignification {unknown}
 N - a potion of magic {unknown}
Miscellaneous
 O - a phial of floods
Comestibles
 f - 18 rations


   Skills:
 - Level 3.6 Fighting
 + Level 19.0 Axes
 - Level 3.2 Armour
 - Level 3.2 Shields


You had 9 spell levels left.
You didn't know any spells.
Your spell library contained the following spells:

 Spells                   Type           Power        Failure   Level  Hunger
 Animate Skeleton         Necr           N/A          97%         1    ##.....
 Apportation              Tloc           #.....       97%         1    ##.....
 Confusing Touch          Hex            #.....       97%         1    ##.....
 Summon Small Mammal      Summ           #...         97%         1    ##.....
 Confuse                  Hex            #.......     100%        3    ####...
 Gell's Gravitas          Tloc           #.........   100%        3    ####...
 Petrify                  Tmut/Erth      #.......     100%        4    #####..
 Metabolic Englaciation   Hex/Ice        #.........   100%        5    ######.
 Yara's Violent Unravell  Hex/Tmut       #.........   100%        5    ######.


Dungeon Overview and Level Annotations

Branches:
Dungeon (9/15)             Temple (0/1) D:6            Lair (0/6) D:9
    Orc (1/2) D:9

Altars:
Ashenzari
Elyvilon
Gozag
Kikubaaqudgha
Okawaru
Ru
Wu Jian
The Shining One

Shops:
D:5 (   D:7 !

Annotations:
Orc:1 Snorg


Message History

You are too injured to fight recklessly!
You are too injured to fight recklessly!
You are too injured to fight recklessly!
You are too injured to fight recklessly!
You are too injured to fight recklessly!
You are too injured to fight recklessly!
Unknown command.
You closely miss Snorg.
Snorg is severely wounded.
Snorg bites you! Snorg barely misses you. Snorg claws you but does no damage.
You barely miss Snorg.
Snorg is severely wounded.
Snorg bites you!
* * * LOW HITPOINT WARNING * * *
Snorg claws you but does no damage. x2; You block Snorg's attack. x2
Snorg claws you but does no damage.
You slash Snorg! You freeze Snorg.
Snorg is severely wounded.
Snorg bites you!
You die...

##..#..
#......
..$.... .
#$.....### ..
##.......# .$.
#........#
....
#.....#.....
#...<$......
##..@.....##
#...T..###
#.........#
#............
#.......#....
......$.###...
$......$## ...
.......## #.


You could see Snorg (berserk).

Vanquished Creatures
  A two-headed ogre (D:8)
  A troll (D:9)
  2 hippogriffs (D:7)
  5 yaks (D:9)
  A hungry ghost (D:7)
  Duvessa (D:4)
  3 orc warriors
  A sky beast (D:6)
  An ice beast (D:9)
  2 black bears (D:9)
  4 ogres
  A necrophage (D:5)
  3 phantoms
  5 centaurs
  Dowan (D:4)
  6 bullfrogs
  3 scorpions
  4 wights (D:7)
  A vampire bat (D:5)
  A bullfrog zombie (D:5)
  4 crimson imps
  5 hounds
  13 orc wizards
  A bullfrog skeleton (D:6)
  A jelly (D:9)
  6 orc priests
  An iguana (D:3)
  3 worker ants
  A hound zombie (D:7)
  2 hound skeletons
  A worker ant zombie (D:3)
  12 gnolls
  11 adders
  2 shadow imps
  An ooze (D:6)
  4 worms
  4 dart slugs
  6 leopard geckos
  35 orcs
  3 bat skeletons (D:5)
  3 bat zombies (D:5)
  7 giant cockroaches
  16 goblins
  7 hobgoblins
  14 jackals
  11 kobolds
  4 quokkas
  5 ball pythons
  11 bats
  2 frilled lizards
  A jackal zombie (D:7)
  A quokka skeleton (D:4)
  11 rats
  3 fungi (D:9)
  2 plants (D:9)
261 creatures vanquished.

Vanquished Creatures (others)
  2 fungi (D:9)
2 creatures vanquished.

Grand Total: 263 creatures vanquished

Notes
Turn   | Place    | Note
-------+----------+-------------------------------------------
     0 | D:1      | Delamore the Hill Orc Fighter began the quest for the Orb.
     0 | D:1      | Reached XP level 1. HP: 19/19 MP: 1/1
    29 | D:1      | Reached skill level 3 in Axes
    82 | D:1      | Reached XP level 2. HP: 22/26 MP: 2/2
   254 | D:1      | Reached skill level 4 in Axes
   559 | D:1      | Reached XP level 3. HP: 27/31 MP: 3/3
   831 | D:2      | Reached skill level 5 in Axes
   946 | D:2      | Reached XP level 4. HP: 11/39 MP: 4/4
  1294 | D:2      | Reached skill level 6 in Axes
  1660 | D:2      | Noticed a bullfrog
  1672 | D:2      | Killed a bullfrog
  1672 | D:2      | Reached skill level 7 in Axes
  1672 | D:2      | Reached XP level 5. HP: 30/45 MP: 5/5
  1934 | D:2      | Found a shattered altar of Ashenzari.
  1968 | D:2      | Found an iron altar of Okawaru.
  1986 | D:2      | Became a worshipper of Warmaster Okawaru
  2026 | D:2      | Found a glowing golden altar of the Shining One.
  2333 | D:3      | Reached skill level 8 in Axes
  2333 | D:3      | Reached XP level 6. HP: 51/51 MP: 6/6
  2921 | D:4      | Reached skill level 9 in Axes
  3070 | D:4      | Found a sacrificial altar of Ru.
  3131 | D:4      | Reached * piety under Okawaru
  3131 | D:4      | Reached XP level 7. HP: 48/57 MP: 7/7
  3173 | D:4      | Reached skill level 10 in Axes
  3264 | D:4      | Noticed Dowan
  3265 | D:4      | Noticed Duvessa
  3275 | D:4      | Killed Duvessa
  3282 | D:4      | Killed Dowan
  3282 | D:4      | Reached skill level 11 in Axes
  3586 | D:5      | Entered Level 5 of the Dungeon
  3634 | D:5      | Found a white marble altar of Elyvilon.
  3647 | D:5      | Reached XP level 8. HP: 61/64 MP: 8/8
  3663 | D:5      | Reached ** piety under Okawaru
  3827 | D:5      | Reached skill level 12 in Axes
  4041 | D:5      | Found Vied's Weapon Boutique.
  4299 | D:5      | Found an ancient bone altar of Kikubaaqudgha.
  4365 | D:6      | Reached skill level 13 in Axes
  4792 | D:6      | Reached skill level 14 in Axes
  4792 | D:6      | Reached XP level 9. HP: 48/70 MP: 9/9
  4799 | D:6      | Reached *** piety under Okawaru
  4921 | D:6      | Found a staircase to the Ecumenical Temple.
  5307 | D:7      | Reached skill level 15 in Axes
  5323 | D:7      | Paralysed by fainting for 5 turns
  5333 | D:7      | Paralysed by fainting for 10 turns
  5605 | D:7      | Found Dicecis's Distillery.
  5608 | D:7      | Bought a potion of degeneration for 13 gold pieces
  5625 | D:7      | Reached skill level 16 in Axes
  6004 | D:7      | Found an opulent altar of Gozag.
  6185 | D:8      | Got a translucent war axe
  6186 | D:8      | Identified the +5 war axe of Tuesob {freeze, rC+ rN+} (You
                  | found it on level 8 of the Dungeon)
  6222 | D:8      | Reached **** piety under Okawaru
  6285 | D:8      | Reached XP level 10. HP: 77/77 MP: 10/10
  6324 | D:8      | Reached skill level 17 in Axes
  6505 | D:8      | Found an ornate altar of the Wu Jian Council.
  6631 | D:8      | Noticed a two-headed ogre
  6888 | D:8      | Killed a two-headed ogre
  6961 | D:9      | Reached ***** piety under Okawaru
  6961 | D:9      | Reached skill level 18 in Axes
  7200 | D:9      | Reached skill level 19 in Axes
  7292 | D:9      | Found a staircase to the Lair.
  7364 | D:9      | Found a staircase to the Orcish Mines.
  7565 | Orc:1    | Entered Level 1 of the Orcish Mines
  7565 | Orc:1    | Noticed Snorg
  7575 | Orc:1    | Slain by Snorg

Levels and vault maps discovered:
D:1:      dpeg_arrival_ternary, layout_basic
D:2:      layout_loops_corners, nicolae_overflow_hidden_temple,
          okawaru_altar_gauntlet_db, first_ration, minmay_heptomino_w4
D:3:      layout_basic, chequers_serial_rivers_small_3
D:4:      layout_loops_ring, nicolae_ru_great_annihilating_truth,
          serial_park_tiny_pond, minmay_ogre_servants, uniq_duvessa
D:5:      layout_loops_ring, kennysheep_vampire_church, serial_shops,
          kennysheep_mini, basic_altar
D:6:      layout_loops_corners, minmay_temple_entry_sparse_star,
          minmay_misc_feat_tiny
D:7:      layout_basic, lemuel_doored_altar, serial_shops,
          nicolae_shop_window_shopping
D:8:      layout_rooms, kennysheep_little_box
D:9:      layout_loops_ring, grunt_lair_entry_orc_guard_hut
Orc:1:    layout_diamond_mine, uniq_snorg

Skill      XL: |  1  2  3  4  5  6  7  8  9 10 |
---------------+-------------------------------+-----
Axes           | 3 4 5 7 8 9 11 14 16 19 | 19.0
Fighting       | |  3.6
Armour         | |  3.2
Shields        | |  3.2

Action                   |  1- 3 |  4- 6 |  7- 9 | 10-12 || total
-------------------------+-------+-------+-------+-------++-------
Melee: War axe           |   102 |   203 |   371 |   126 ||   802
       Unarmed           |       |       |     6 |       ||     6
Throw: Javelin           |       |       |       |     4 ||     4
  Use: Scroll            |       |       |       |    19 ||    19
 Stab: Sleeping          |       |     1 |       |     2 ||     3
       Paralysed         |       |     1 |       |       ||     1
  Eat: Chunk             |       |     8 |     9 |     4 ||    21
       Ration            |       |       |     1 |       ||     1
Armor: Scale mail        |    60 |    88 |   136 |       ||   284
       Ring mail         |       |       |    13 |    69 ||    82
Dodge: Dodged            |    42 |    48 |    75 |    26 ||   191
       Deflected         |       |       |     1 |     2 ||     3
Block: Shield            |    60 |   116 |   136 |    32 ||   344
